 Dungeon Crawl Stone Soup version 0.20.1-1-g8b1a95d (webtiles) character file.

11939 schauveau the Grappler (level 11, -1/109 HPs)
             Began as a Troll Monk on Dec 10, 2017.
             Was an Elder of Makhleb.
             Splashed by Joseph's acid (14 damage)
             ... on level 8 of the Dungeon on Dec 11, 2017.
             The game lasted 00:27:26 (7679 turns).

schauveau the Grappler (Troll Monk)                 Turns: 7679, Time: 00:27:27

Health: -1/109     AC:  1    Str: 24    XL:     11   Next: 55%
Magic:  14/14      EV: 10    Int:  6    God:    Makhleb [****..]
Gold:   231        SH:  0    Dex: 12    Spells: 10/10 levels left

rFire    + . .     SeeInvis .     - Unarmed
rCold    . . .     Gourm    +   (no shield)
rNeg     . . .     Faith    .   q - +2 robe
rPois    +         Spirit   .   (helmet restricted)
rElec    .         Reflect  .   H - +1 cloak
rCorr    .         Harm     .   (gloves unavailable)
MR       .....                  (boots unavailable)
Stlth    ++........             (no amulet)
Regen    0.7/turn               i - ring of protection from fire
MPRegen  0.2/turn               e - ring of poison resistance

@: corroded
A: unfitting armour, claws 3, fast metabolism 3, gourmand, regeneration 1,
shaggy fur 1, tough skin 2
a: Minor Destruction, Lesser Servant of Makhleb, Major Destruction, Renounce
Religion


You were on level 8 of the Dungeon.
You worshipped Makhleb.
Makhleb was greatly pleased with you.
You were full.

You visited 2 branches of the dungeon, and saw 10 of its levels.

You collected 581 gold pieces.
You spent 350 gold pieces at shops.

Inventory:

Hand Weapons
 j - a +0 giant spiked club
 l - a +0 morningstar of flaming
 v - a +1 scimitar of flaming
Missiles
 y - 3 tomahawks (quivered)
Armour
 q - a +2 robe (worn)
 H - a +1 cloak (worn)
Jewellery
 e - a ring of poison resistance (right claw)
 f - an uncursed ring of magical power
 g - a +2 ring of intelligence
 i - a ring of protection from fire (left claw)
 E - an uncursed ring of fire
Wands
 a - a wand of iceblast (6/15)
 c - a wand of digging (7/24)
 t - a wand of confusion (26/48)
 u - a wand of polymorph (8/24)
 C - a wand of paralysis (11/24)
Scrolls
 h - 2 scrolls of amnesia
 w - a scroll of magic mapping
 A - a scroll of brand weapon {unknown}
 B - 2 scrolls of blinking
 G - a scroll of vulnerability {unknown}
 I - a scroll of teleportation
 J - a scroll of remove curse
Potions
 k - a potion of curing
 m - a potion of brilliance
 n - a potion of invisibility
 o - 2 potions of magic
 r - 2 potions of might
 s - a potion of flight
 D - a potion of degeneration {unknown}
Comestibles
 b - 11 bread rations
 d - 3 royal jellies
 p - 2 fruits
 z - 3 meat rations


   Skills:
 - Level 7.3 Fighting
 - Level 2.4 Dodging
 - Level 1.0 Stealth
 * Level 14.6 Unarmed Combat
 + Level 6.0 Invocations


You had 10 spell levels left.
You didn't know any spells.

Dungeon Overview and Level Annotations

Branches:
Dungeon (9/15)             Temple (1/1) D:5            Lair (0/6) D:8
    Orc: D:9-12

Altars:
Ashenzari
Cheibriados
Dithmenos
Fedhas
Hepliaklqana
Kikubaaqudgha
Makhleb
Nemelex Xobeh
Qazlal
Ru
Sif Muna
Trog
Uskayaw
Vehumet
Xom
Yredelemnul
The Shining One

Shops:
D:5 =:?!=

Annotations:
D:8 Joseph


Innate Abilities, Weirdness & Mutations

You are too large for most types of armour.
You have claws for hands.
Your metabolism is lightning-fast.
You like to eat raw meat.
Your natural rate of healing is unusually fast.
You are covered in fur. (AC +1)
You have very tough skin. (AC +2)


Message History

Joseph shouts, "Wow!"
Joseph hits you with an uncursed quarterstaff!
* * * LOW HITPOINT WARNING * * *
You barely miss Joseph.
Joseph zaps a wand.
The bolt of acid hits you!
* * * LOW HITPOINT WARNING * * *
The acid corrodes you!
You are splashed with acid!
The acid burns!
* * * LOW HITPOINT WARNING * * *
It is a wand of acid (?/15).
You completely miss Joseph. You claw Joseph!
Joseph is lightly wounded.
You feel better.
Joseph hits you with an uncursed quarterstaff!
* * * LOW HITPOINT WARNING * * *
You feel better.
Joseph zaps a wand.
The bolt of acid misses you.
You claw Joseph!
Joseph is moderately wounded.
Joseph zaps a wand.
The bolt of acid hits you!
* * * LOW HITPOINT WARNING * * *
The acid corrodes you!
You are splashed with acid!
The acid burns!
You die...

##.####.########......#...#####
...#...........#......#.......#
...#...........#......#.......#
...#...........#......#.......#
...#...........#......#.......#
...#...........#......#.......#
...#...........#..†...#.......#
...#...........#@(....#.......#
...#######.#####@.....###....##
...###..##.#...(..#'######'####
)...#......#......#.....'.....#
....#......#..<...#.....#.....#
....'......#......#.....#.....#
....#.............#.....#.....#
....#.............#.....#.....#
....#.##................#.....#
'####....#...#.....##..##...###


You could see Joseph.

Vanquished Creatures
  Erica (D:8)
  2 death yaks (D:7)
  Prince Ribbit (D:8)
  2 hippogriffs
  The ghost of RubyRose the Conjurer, an amateur OpCj of Xom (D:4)
  A porcupine (D:8)
  Duvessa (D:6)
  7 orc warriors
  A black bear (D:8)
  2 sky beasts
  A phantom (D:8)
  4 ogres
  An ice beast (D:6)
  5 bullfrogs
  A wyvern zombie (D:7)
  Dowan (D:6)
  A wyvern skeleton (D:7)
  4 wights (D:6)
  A howler monkey (D:4)
  2 electric eels (D:6)
  2 crimson imps
  A bullfrog zombie (D:6)
  2 jellies
  A quasit (D:7)
  2 bullfrog skeletons
  4 hounds
  4 orc priests
  9 orc wizards
  2 centaur skeletons (D:6)
  Jessica (D:3)
  4 worker ants
  A hound zombie (D:8)
  2 hound skeletons (D:7)
  8 gnolls
  5 adders
  A river rat (D:8)
  A shadow imp (D:5)
  3 oozes
  2 worms (D:2)
  A dart slug (D:3)
  28 orcs
  2 ball pythons
  10 bats
  A giant cockroach (D:2)
  12 goblins
  8 hobgoblins
  11 jackals
  8 kobolds
  4 quokkas
  8 frilled lizards
  A jackal skeleton (D:8)
  A leopard gecko skeleton (D:7)
  7 rats
197 creatures vanquished.

Vanquished Creatures (others)
  4 plants (D:6)
4 creatures vanquished.

Grand Total: 201 creatures vanquished

Notes
Turn   | Place    | Note
-------+----------+-------------------------------------------
     0 | D:1      | schauveau the Troll Monk began the quest for the Orb.
     0 | D:1      | Reached XP level 1. HP: 22/22 MP: 0/0
    84 | D:1      | Reached XP level 2. HP: 29/29 MP: 1/1
   467 | D:2      | Reached XP level 3. HP: 35/36 MP: 2/2
   484 | D:2      | Reached skill level 4 in Unarmed Combat
  1176 | D:3      | Reached XP level 4. HP: 44/45 MP: 3/3
  1246 | D:3      | Noticed Jessica
  1249 | D:3      | Killed Jessica
  1257 | D:3      | Found a glowing golden altar of the Shining One.
  1299 | D:3      | Found a stormy altar of Qazlal.
  1328 | D:3      | Noticed an ogre
  1341 | D:3      | Killed an ogre
  1341 | D:3      | Reached skill level 5 in Unarmed Combat
  1341 | D:3      | Reached XP level 5. HP: 24/53 MP: 4/4
  1562 | D:3      | Reached XP level 6. HP: 41/61 MP: 5/5
  1588 | D:3      | Found a snail-covered altar of Cheibriados.
  1716 | D:3      | Reached skill level 6 in Unarmed Combat
  1897 | D:4      | Found a hazy altar of Hepliaklqana.
  2037 | D:4      | Noticed RubyRose's ghost (amateur OpCj)
  2042 | D:4      | Killed RubyRose's ghost
  2144 | D:4      | Reached XP level 7. HP: 67/70 MP: 6/6
  2151 | D:5      | Entered Level 5 of the Dungeon
  2151 | D:5      | Found Etosin's Distillery.
  2164 | D:5      | Found a staircase to the Ecumenical Temple.
  2177 | Temple   | Entered the Ecumenical Temple
  2293 | Temple   | Became a worshipper of Makhleb the Destroyer
  2293 | Temple   | Reached * piety under Makhleb
  2293 | Temple   | Reached ** piety under Makhleb
  2350 | D:5      | Bought a potion of heal wounds for 65 gold pieces
  2350 | D:5      | Bought a potion of might for 52 gold pieces
  2350 | D:5      | Bought a potion of flight for 39 gold pieces
  2475 | D:4      | Reached skill level 7 in Unarmed Combat
  3204 | D:5      | Found Onlaihi's Jewellery Emporium.
  3255 | D:5      | Found Fyimel's Magic Scroll Shop.
  3271 | D:5      | Bought a scroll of blinking for 97 gold pieces
  3271 | D:5      | Bought a scroll of enchant armour for 97 gold pieces
  3311 | D:5      | Found Fidinof's Book Shop.
  3354 | D:5      | Found Wokhak's Jewellery Shoppe.
  3608 | D:5      | Reached skill level 5 in Fighting
  3742 | D:6      | Reached skill level 8 in Unarmed Combat
  3742 | D:6      | Reached XP level 8. HP: 50/80 MP: 7/7
  3747 | D:6      | Found a deep blue altar of Sif Muna.
  3769 | D:6      | Reached skill level 1 in Invocations
  3867 | D:6      | Reached *** piety under Makhleb
  3983 | D:6      | Noticed Duvessa
  4000 | D:6      | Killed Duvessa
  4241 | D:6      | Reached skill level 9 in Unarmed Combat
  4792 | D:6      | Reached XP level 9. HP: 55/89 MP: 10/10
  4906 | D:6      | Noticed Dowan
  4958 | D:6      | Killed Dowan
  5292 | D:6      | Found a sacrificial altar of Ru.
  5293 | D:6      | Found a deep blue altar of Sif Muna.
  5295 | D:6      | Found a hide-covered altar of Uskayaw.
  5565 | D:6      | Reached skill level 10 in Unarmed Combat
  5660 | D:7      | Reached **** piety under Makhleb
  6313 | D:7      | Found a shimmering altar of Xom.
  6361 | D:8      | Found a staircase to the Lair.
  6361 | D:8      | Noticed a death yak
  6361 | D:8      | Noticed a death yak
  6365 | D:8      | Noticed a death yak
  6374 | D:7      | Killed a death yak
  6374 | D:7      | Reached skill level 11 in Unarmed Combat
  6645 | D:8      | HP: 6/138 [orc warrior/mace (4)]
  6646 | D:8      | Reached skill level 5 in Invocations
  6646 | D:8      | Reached XP level 10. HP: 7/100 MP: 12/12
  6996 | D:7      | Killed a death yak
  7173 | D:8      | Noticed Prince Ribbit
  7182 | D:8      | Killed Prince Ribbit
  7196 | D:8      | Noticed Erica
  7204 | D:8      | Killed Erica
  7294 | D:8      | Found a shattered altar of Ashenzari.
  7361 | D:8      | Reached skill level 12 in Unarmed Combat
  7405 | D:8      | Reached skill level 14 in Unarmed Combat
  7405 | D:8      | Reached XP level 11. HP: 109/109 MP: 14/14
  7484 | D:8      | Found a bloodstained altar of Trog.
  7658 | D:8      | Noticed Joseph
  7675 | D:8      | HP: 5/109 [acid (10)]
  7679 | D:8      | Splashed by Joseph's acid

Skill      XL: |  1  2  3  4  5  6  7  8  9 10 11 |
---------------+----------------------------------+-----
Unarmed Combat | 4 5 6 8 9 11 14 | 14.6
Fighting       | 3 4 5 6 7 |  7.3
Invocations    | 3 5 6 |  6.0
Dodging        | |  2.4
Stealth        | |  1.0

Action                   |  1- 3 |  4- 6 |  7- 9 | 10-12 || total
-------------------------+-------+-------+-------+-------++-------
Melee: Unarmed           |    90 |    91 |   333 |    71 ||   585
       Punch             |       |     4 |    15 |     6 ||    25
       Giant spiked club |       |       |     8 |       ||     8
       Morningstar       |       |       |     1 |       ||     1
Throw: Tomahawk          |       |       |     3 |       ||     3
  Use: Scroll            |       |     6 |     2 |     5 ||    13
       Potion            |       |       |     3 |     3 ||     6
 Stab: Distracted        |     2 |       |       |       ||     2
       Sleeping          |       |       |     4 |       ||     4
  Eat: Chunk             |    15 |     5 |    42 |    11 ||    73
Armor: Robe              |    44 |    29 |   106 |    24 ||   203
Dodge: Dodged            |    59 |    53 |   158 |    24 ||   294
